amy, neutral female human Ranger .....-- ---......| ..........| ---.........-- .----............. ....|..%..... ..... --- -............. ..... -.|..........%---......^.- ........).....----........| ..............-- |.........- ..........---.-----........*. ......%... ............. ----..... --.^.-- ------ |...| --.. amy the Lookout Experience level: 4 Strength: 15 Dexterity: 11 Constitution: 15 Intelligence: 14 Wisdom: 14 Charisma: 7 Health: 0(30) Energy: 25(25) Def: 4 Gold: 196 Moves: 673 Dungeon seed: kavBftmckf6ADkOU Game ID: amy_1469756462 Your Inventory: Coins $ - 196 gold pieces Weapons a - an uncursed +1 dagger b - an uncursed +2 bow (weapon in hand) c - 56 uncursed +2 arrows d - 24 uncursed +0 arrows (in quiver) I - 11 uncursed +0 arrows Armor e - an uncursed +2 cloak of displacement (being worn) n - an uncursed +0 pair of speed boots (being worn) Comestibles f - 5 uncursed cram rations o - an uncursed eucalyptus leaf p - an uncursed food ration Potions r - 2 uncursed potions of sickness Rings P - an uncursed ring of free action Wands g - an uncursed wand of slow monster (0:3) Tools A - 2 uncursed partly used tallow candles (lit) (0:147) O - an uncursed tinning kit (0:61) Y - an uncursed lock pick Spells and supernatural/magical abilities: Name Level Category Fail Memory W - pray for help -- divine ? -- Your skills at the end: Miscellaneous Skills wands [Basic] Weapon Skills dagger [Basic] bow [Basic] Spellcasting Skills Final Attributes: You were devoutly aligned. You had automatic searching. You were displaced. You were very fast. You are dead. Vanquished creatures: 3 gnome lords a little dog 2 dwarves 7 gnomes 2 jackals a fox a newt a lichen 18 creatures vanquished. Voluntary challenges: You went without food. You did not adorn yourself with jewelry or accessories. You were an atheist. You used a wielded weapon 5 times, starting on turn 82. You did not use containers. You did not apply a unicorn horn. You were illiterate. You never genocided any monsters. You never polymorphed an object. You never changed form. You used no wishes. You never split a pudding. You never wrote Elbereth's name. You never violated your personal moral code. Dungeon overview: The Dungeons of Doom: levels 1 to 2 Level 1 a long staircase Level 2 stairs to The Gnomish Mines The Gnomish Mines: levels 3 to 5 Level 3 stairs to The Dungeons of Doom Level 5 <- You were here History has recorded: On T:1 you entered the Dungeons of Doom to retrieve the Amulet of Yendor! On T:381 you reached level 2 of The Dungeons of Doom. On T:488 you reached level 1 of The Gnomish Mines. On T:500 you advanced to experience level 2. On T:550 you advanced to experience level 3. On T:618 you reached level 3 of The Gnomish Mines. On T:630 you advanced to experience level 4. Score breakdown: Gold: 196 ( 19 points) Experience: 4 levels ( 300 points) Exploration: 5 levels ( 120 points) Discoveries: 2 items ( 100 points) Variety of kills: 8 monsters ( 400 points) Major goal: (nothing yet) ( 0 points) Survival: died (score multiplied by 3) Total score: 2817 Latest messages: The dwarf strikes at your displaced image and misses you! d - an uncursed +0 arrow (in quiver). You shoot 2 arrows. The 1st arrow hits the dwarf. The 2nd arrow hits the dwarf! The dwarf wields a dagger! You shoot 2 arrows. The 1st arrow hits something. You kill the dwarf! There are a few objects here. d - 3 uncursed +0 arrows (in quiver). You see here an uncursed +0 arrow. d - an uncursed +0 arrow (in quiver). You see here a sky blue potion. r - a sky blue potion. The gnome lord strikes at your displaced image and misses you! A board beneath you squeaks loudly. A board beneath the gnome squeaks loudly. A cloud of gas puts you to sleep! The magic missile hits you! (2x) The magic missile hits it. The magic missile hits you! (2x) You die... Final status: Goodbye amy the Ranger, killed by a magic missile, while sleeping... You died in The Gnomish Mines on dungeon level 5 with 2817 points, and 196 pieces of gold, after 673 moves. You were level 4 with a maximum of 30 hit points when you died.